 Dungeon Crawl Stone Soup version 0.30-a0-313-gae38170 (webtiles) character file.

Game seed: 13087244999358840720

64575 Sixotanaka the Brawler (level 15, -46/139 HPs)
             Began as a Ghoul Brigand on Oct 26, 2022.
             Was the Champion of Cheibriados.
             Annihilated by a titanic slime creature (78 damage)
             ... on level 12 of the Dungeon.
             The game lasted 01:01:35 (22319 turns).

Sixotanaka the Brawler (Ghoul Brigand)             Turns: 22319, Time: 01:01:35

Health: -46/139    AC: 28    Str: 32    XL:     15   Next: 13%
Magic:  11/20      EV: 14    Int: 29    God:    Cheibriados [******]
Gold:   1381       SH: 14    Dex: 35    Spells: 10/14 levels left

rFire   . . .      SeeInvis +      - Unarmed
rCold   + . .      Faith    .    G - +1 buckler {AC+3}
rNeg    + + +      Spirit   .    c - +8 plate armour "Teuteb" {Int+2 SInv}
rPois   ∞          Reflect  +    v - +0 helmet {SInv}
rElec   +          Harm     .    X - scarf {shadows}
rCorr   .          Rampage  .    B - +1 pair of gloves {infuse}
Will    ++...                    q - +0 pair of boots
Stlth   +.........               u - amulet of reflection
HPRegen 0.00/turn                P - ring "Lonuj" {rElec rPois Int+4 Dex+6 Stlth+}
MPRegen 0.17/turn                L - ring of willpower

@: about to teleport, inhibited regen, studying Fighting, very slow
A: claws 1, cold resistance 1, negative energy resistance 3, inhibited
regeneration, torment resistance 2, devour on kill
a: Renounce Religion, Bend Time, Temporal Distortion, Slouch, Step From Time


You were on level 12 of the Dungeon.
You worshipped Cheibriados.
Cheibriados was exalted by your worship.
You visited 3 branches of the dungeon, and saw 18 of its levels.
You also visited: Sewer, Ossuary and Gauntlet.

You collected 1381 gold pieces.

Inventory:

Missiles
 d - 64 poisoned darts (quivered)
 e - 8 curare-tipped darts
 C - 6 silver javelins
Armour
 c - the +8 plate armour "Teuteb" (worn) {Int+2 SInv}
   (You found it on level 12 of the Dungeon)

   Int:       It affects your intelligence (+2).
   SInv:      It lets you see invisible.
 q - a +0 pair of boots (worn)
 v - a +0 helmet of see invisible (worn)
 B - a +1 pair of gloves of infusion (worn)
 G - a +1 buckler of protection (worn)
 K - +0 acid dragon scales
 R - the +1 leather armour "Ixzomaor" {rC+ rCorr Dex+4}
   (You found it in a Gauntlet)

   Dex:       It affects your dexterity (+4).
   rC:        It protects you from cold.
   rCorr:     It protects you from acid and corrosion.
 X - a scarf of shadows (worn)
Jewellery
 u - an amulet of reflection (around neck)
 J - the ring "Ekagru" {Int+2 Dex+2 SInv Stlth+}
   (You acquired it on level 8 of the Dungeon)

   [ring of see invisible]

   Int:       It affects your intelligence (+2).
   Dex:       It affects your dexterity (+2).
   SInv:      It lets you see invisible.
   Stlth:     It makes you more stealthy.
 L - a ring of willpower (right hand)
 N - a ring of ice
 P - the ring "Lonuj" (left hand) {rElec rPois Int+4 Dex+6 Stlth+}
   (You found it in a Gauntlet)

   [ring of dexterity]

   Int:       It affects your intelligence (+4).
   Dex:       It affects your dexterity (+6).
   rElec:     It insulates you from electricity.
   rPois:     It protects you from poison.
   Stlth:     It makes you more stealthy.
 T - an amulet of magic regeneration
 Z - an amulet of regeneration
Wands
 h - a wand of acid (3)
 s - a wand of paralysis (23)
 H - a wand of flame (28)
 Q - a wand of roots (4)
Scrolls
 a - 2 scrolls of enchant armour
 b - 8 scrolls of teleportation
 f - 5 scrolls of amnesia
 o - 3 scrolls of immolation
 r - a scroll of torment
 t - 3 scrolls of vulnerability
 x - 5 scrolls of butterflies
 y - 5 scrolls of fear
 z - 3 scrolls of blinking
 F - a scroll of magic mapping
 I - 5 scrolls of poison
 M - 4 scrolls of identify
 V - 2 scrolls of summoning
Potions
 g - 4 potions of magic
 i - 5 potions of flight
 j - 19 potions of curing
 k - 5 potions of mutation
 l - a potion of invisibility
 m - 5 potions of haste
 n - 2 potions of heal wounds
 p - 3 potions of brilliance
 w - 2 potions of cancellation
 A - 2 potions of berserk rage
 D - a potion of resistance
 E - 3 potions of attraction
 S - a potion of lignification
 U - a potion of might
 Y - 2 potions of ambrosia
Miscellaneous
 W - a tin of tremorstones (2/2)


   Skills:
 + Level 14.6 Fighting
 - Level 1.7 Short Blades
 - Level 1.7 Throwing
 + Level 6.4 Armour
 + Level 6.4 Dodging
 - Level 4.3 Stealth
 - Level 6.0 Shields
 - Level 20.0 Unarmed Combat
 + Level 3.0 Translocations
 - Level 4.0 Earth Magic
 - Level 8.0 Invocations
 + Level 3.9 Evocations


You had 10 spell levels left.
You knew the following spells:

 Your Spells              Type           Power      Damage    Failure   Level
a - Passwall              Tmut/Erth      9%         N/A       56%         2
b - Blink                 Tloc           34%        N/A       41%         2

Your spell library contained the following spells:

 Spells                   Type           Power      Damage    Failure   Level
 Sandblast                Erth           46%        2d11      21%         1
 Apportation              Tloc           34%        N/A       28%         1
 Gell's Gravitas          Tloc           17%        N/A       65%         3
 Lesser Beckoning         Tloc           34%        N/A       65%         3
 Teleport Other           Tloc           17%        N/A       65%         3
 Magic Dart               Conj           0%         1d3       71%         1
 Slow                     Hex            0%         N/A       71%         1
 Stone Arrow              Conj/Erth      22%        3d8       80%         3
 Call Imp                 Summ           0%         N/A       83%         2
 Ensorcelled Hibernation  Hex/Ice        0%         N/A       83%         2
 Portal Projectile        Hex/Tloc       16%        N/A       86%         3
 Kindle Blastsparks       Fire/Tloc/Air  10%        2d10      90%         3
 Manifold Assault         Tloc           17%        N/A       96%         4
 Mephitic Cloud           Conj/Pois/Air  0%         N/A       97%         3
 Ozocubu's Armour         Ice            0%         N/A       97%         3
 Swiftness                Air            0%         N/A       97%         3
 Animate Armour           Summ/Erth      22%        N/A       99%         4
 Cause Fear               Hex            0%         N/A       100%        4
 Alistair's Intoxication  Tmut/Pois      0%         N/A       100%        5
 Dispersal                Tloc           8%         N/A       100%        6
 Enfeeble                 Hex            0%         N/A       100%        7
 Ozocubu's Refrigeration  Ice            0%         4d7       100%        7
 Lehudib's Crystal Spear  Conj/Erth      5%         10d3      100%        8
 Dragon's Call            Summ           0%         N/A       100%        9
 Dragon Form              Tmut           Unusable   N/A       N/A         7
 Storm Form               Tmut/Air       Unusable   N/A       N/A         7

Dungeon Overview and Level Annotations

Branches:
Dungeon (12/15)            Temple (1/1) D:4            Lair (5/5) D:10
  Swamp (0/4) Lair:2        Snake (0/4) Lair:2        Slime (0/5) Lair:4
    Orc (0/2) D:10          Sewer (visited)         Ossuary (visited)
Gauntlet (visited)

Altars:
Ashenzari
Cheibriados
Dithmenos
Fedhas
Gozag
Hepliaklqana
Kikubaaqudgha
Makhleb
Nemelex Xobeh
Okawaru
Qazlal
Ru
Sif Muna
Trog
Uskayaw
Vehumet
Wu Jian
Xom
Yredelemnul
Jiyva

Shops:
D:1 (

Annotations:
D:2 1 runed translucent door, Crazy Yiuf
D:10 exclusions: door and 1 more exclusion, Amaemon
Lair:5 3 runed translucent doors, bobfrom10's ghost, journeyman OpTm


Innate Abilities, Weirdness & Mutations

You are immune to poison.
You have sharp fingernails.
Your flesh is cold resistant. (rC+)
You are immune to negative energy. (rN+++)
You do not regenerate when monsters are visible.
You are immune to unholy pain and torment.
You thrive by killing the living.


Message History

The catoblepas breathes a plume of calcifying dust at you.
The blast of calcifying dust hits you but does no damage.
A slime creature merges with something you can't see.
A large slime creature splits.
You hit the catoblepas.
The catoblepas is almost dead.
You are engulfed in calcifying dust.
The catoblepas breathes a plume of calcifying dust at you.
The blast of calcifying dust hits you but does no damage.
Unknown command.
Activating: Slouch (4% risk of failure)
Press: ? - help, Dir - look around, f - activate You can feel time thicken for a moment.
You kill the catoblepas!
Cheibriados appreciates the change of pace.
You are engulfed in calcifying dust.
You are slowing down.
Two slime creatures merge to form a large slime creature.
You punch the large slime creature!
The large slime creature is moderately wounded.
You are engulfed in calcifying dust.
Your limbs have turned to stone.
You have turned to stone.
You are engulfed in calcifying dust.
Two slime creatures merge to form a large slime creature.
The large slime creature hits you.
A slime creature comes into view.
A large slime creature splits.
The large slime creature hits you but does no damage.
The large slime creature hits you but does no damage.
Two slime creatures merge to form a very large slime creature.
Two slime creatures merge to form an enormous slime creature.
Two slime creatures merge to form a titanic slime creature.
The titanic slime creature hits you!!!
The titanic slime creature hits you!!! x2
* * * LOW HITPOINT WARNING * * *
You turn to flesh and can move again.
As you read the scroll of teleportation, it crumbles to dust.
You feel strangely unstable. The titanic slime creature hits you!!!!
Ouch! That really hurt!
You die...

......
+.......##.#
....##
###....###.#
##.##
#....###.# .#
### #........#
# ..#
####.##### #.#
#.# ## #.# #.#
... #.# #.#
.... #@# #.#
.Y.§.#J######.#
..............#
.....##########
.#.#. # #


You could see a titanic slime creature.

Vanquished Creatures
  Kirke (D:12)
  A minotaur (Gauntlet)
  4 hydras
  Fannar (D:10)
  Erica (D:8)
  3 catoblepae
  A centaur warrior (D:11)
  3 boulder beetles
  A death yak (Lair:4)
  Sonja (D:11)
  A death drake (Gauntlet)
  An orc knight (D:11)
  A wizard (D:9)
  A lindwurm (Lair:5)
  A manticore (D:12)
  2 ugly things (D:12)
  A cyclops (D:12)
  13 elephants
  6 black mambas
  13 cane toads
  2 gargoyles (D:12)
  A torpor snail (Gauntlet)
  An unseen horror (D:12)
  12 komodo dragons
  A rime drake (Lair:4)
  Maggie (D:7)
  A kobold demonologist (D:12)
  A freezing wraith (D:12)
  2 trolls
  A harpy zombie (Gauntlet)
  11 polar bears (Lair:5)
  2 raiju (Lair:5)
  2 spectral meliai (Gauntlet)
  2 slime creatures (D:12)
  20 blink frogs
  2 shadows
  68 yaks
  2 wraiths
  10 wyverns
  2 basilisks
  4 steam dragons
  4 hogs (D:12)
  8 vampire mosquitoes
  Edmund (D:6)
  6 wargs (Lair:5)
  15 hell hounds
  20 water moccasins
  4 acid dragons
  9 orc warriors
  14 black bears
  An ice beast (D:7)
  19 wolves
  An ogre (D:11)
  12 centaurs
  5 kobold brigands
  A gnoll sergeant (D:5)
  8 scorpions
  9 bullfrogs
  A water moccasin zombie (Ossuary)
  9 wights
  3 killer bees (D:9)
  2 electric eels (Lair:4)
  5 howler monkeys
  An iron imp (D:7)
  2 jellies (D:6)
  3 hounds
  2 bullfrog zombies (Ossuary)
  A human zombie (Ossuary)
  4 orc priests
  2 gnoll boudas
  5 iguanas
  2 scorpion zombies (Ossuary)
  7 orc wizards
  An ogre zombie (Ossuary)
  A mummy (D:6)
  7 gnolls
  15 adders
  7 river rats (Sewer)
  2 shadow imps
  13 white imps
  4 ufetubi
  2 adder zombies (Ossuary)
  A worm (D:4)
  3 dart slugs
  60 orcs
  13 ball pythons
  5 bats
  10 endoplasms
  3 giant cockroaches
  4 gnoll zombies (Ossuary)
  9 goblins
  5 hobgoblins
  5 jackals (D:3)
  36 kobolds
  A quokka (D:2)
  5 frilled lizards
  2 goblin zombies (Ossuary)
  3 hobgoblin zombies (Ossuary)
  3 orc zombies (Ossuary)
  30 rats
641 creatures vanquished.

Vanquished Creatures (others)
  2 humans (D:12)
  An orc (D:8)
  A bush (D:10)
  49 fungi
  92 plants
145 creatures vanquished.

Grand Total: 786 creatures vanquished

Notes
Turn   | Place    | Note
-------+----------+-------------------------------------------
     0 | D:1      | Sixotanaka the Ghoul Brigand began the quest for the Orb.
     0 | D:1      | Reached XP level 1. HP: 17/17 MP: 0/0
    35 | D:1      | Found Myorgh's Antique Weapon Emporium.
    41 | D:1      | Reached skill level 1 in Unarmed Combat
   144 | D:1      | Reached XP level 2. HP: 23/24 MP: 1/1
   200 | D:1      | Reached skill level 2 in Unarmed Combat
   526 | D:1      | Reached XP level 3. HP: 29/29 MP: 2/2
   545 | D:1      | Found a faded altar of an unknown god.
   619 | D:2      | Reached skill level 3 in Unarmed Combat
   963 | D:2      | Reached XP level 4. HP: 36/36 MP: 3/3
   968 | D:2      | Found a shimmering blue altar of Sif Muna.
  1054 | D:2      | Reached skill level 4 in Unarmed Combat
  1125 | D:2      | Found a runed translucent door.
  1126 | D:2      | Noticed Crazy Yiuf
  1666 | D:3      | Reached skill level 5 in Unarmed Combat
  1666 | D:3      | Reached XP level 5. HP: 41/41 MP: 4/4
  1679 | D:3      | Found a shimmering blue altar of Sif Muna.
  2488 | D:4      | Found a staircase to the Ecumenical Temple.
  2494 | Temple   | Entered the Ecumenical Temple
  2794 | D:4      | Reached skill level 6 in Unarmed Combat
  2794 | D:4      | Reached XP level 6. HP: 48/48 MP: 5/5
  2825 | D:4      | Identified the +6 short sword of Mayhem {vorpal, rC+ Dex+4
                  | Stlth-}
  3023 | D:4      | Found a basalt altar of Yredelemnul.
  3137 | D:4      | Reached skill level 7 in Unarmed Combat
  3248 | D:5      | Entered Level 5 of the Dungeon
  3303 | D:5      | Reached XP level 7. HP: 49/55 MP: 6/6
  3360 | D:5      | Found a glowing drain.
  3379 | Sewer    | Entered a sewer
  3543 | Sewer    | Reached skill level 8 in Unarmed Combat
  4324 | D:5      | Reached skill level 9 in Unarmed Combat
  4986 | D:5      | Reached XP level 8. HP: 61/61 MP: 7/7
  5142 | D:6      | Reached skill level 10 in Unarmed Combat
  5184 | D:6      | Found a sand-covered staircase.
  5194 | Ossuary  | Entered an ossuary
  5465 | Ossuary  | Noticed a wraith
  5473 | Ossuary  | Killed a wraith
  5474 | Ossuary  | Reached skill level 11 in Unarmed Combat
  5481 | Ossuary  | Noticed a silent spectre
  5825 | D:6      | Noticed Edmund
  5838 | D:6      | Killed Edmund
  5963 | D:6      | Reached skill level 12 in Unarmed Combat
  5963 | D:6      | Reached XP level 9. HP: 67/67 MP: 8/8
  6186 | D:6      | Reached skill level 13 in Unarmed Combat
  6648 | D:7      | Found a snail-covered altar of Cheibriados.
  6660 | D:7      | Became a worshipper of Cheibriados the Contemplative
  6670 | D:7      | Noticed Maggie
  6782 | D:7      | Killed Maggie
  6812 | D:7      | Reached skill level 14 in Unarmed Combat
  7419 | D:7      | Reached XP level 10. HP: 73/73 MP: 9/9
  7568 | D:8      | Found a radiant altar of Vehumet.
  7571 | D:8      | Noticed Erica
  7796 | D:8      | Reached * piety under Cheibriados
  7804 | D:8      | Reached skill level 15 in Unarmed Combat
  7918 | D:8      | Found an ancient bone altar of Kikubaaqudgha.
  7932 | D:8      | Found a sacrificial altar of Ru.
  7936 | D:8      | Found an iron altar of Okawaru.
  7937 | D:8      | Found a blossoming altar of Fedhas.
  7980 | D:8      | Killed Erica
  7981 | D:8      | Reached skill level 16 in Unarmed Combat
  8336 | D:8      | Reached ** piety under Cheibriados
  8500 | D:8      | Reached skill level 17 in Unarmed Combat
  8637 | D:8      | Identified a scroll of acquirement
  8639 | D:8      | Acquired the ring "Ekagru" {Int+2 Dex+2 SInv Stlth+}
  8797 | D:8      | Reached XP level 11. HP: 67/79 MP: 10/10
  9015 | D:8      | Reached *** piety under Cheibriados
  9432 | D:9      | Found a shadowy altar of Dithmenos.
  9661 | D:9      | Noticed a wizard
  9668 | D:9      | Killed a wizard
  9669 | D:9      | Reached skill level 18 in Unarmed Combat
 10258 | D:10     | Entered Level 10 of the Dungeon
 10597 | D:10     | Reached **** piety under Cheibriados
 10603 | D:10     | Reached skill level 19 in Unarmed Combat
 10675 | D:10     | Noticed Fannar
 10763 | D:10     | Killed Fannar
 10870 | D:10     | Found a staircase to the Lair.
 10933 | D:10     | Found a staircase to the Orcish Mines.
 11080 | D:10     | Noticed Amaemon
 11200 | D:10     | Reached XP level 12. HP: 78/85 MP: 3/11
 11209 | D:10     | Reached skill level 1 in Invocations
 11739 | Lair:1   | Entered Level 1 of the Lair of Beasts
 11745 | Lair:1   | Reached skill level 20 in Unarmed Combat
 12013 | Lair:1   | Reached ***** piety under Cheibriados
 12582 | Lair:1   | Reached skill level 5 in Invocations
 12937 | Lair:2   | Reached skill level 5 in Fighting
 12963 | Lair:2   | Noticed a catoblepas
 12971 | Lair:2   | Killed a catoblepas
 12980 | Lair:2   | Found a gate leading to a gauntlet.
 12989 | Gauntlet | Entered a Gauntlet
 12989 | Gauntlet | Found a transporter.
 12993 | Gauntlet | Found a transporter.
 13021 | Gauntlet | Found a transporter.
 13039 | Gauntlet | Noticed a five-headed hydra
 13149 | Gauntlet | Found a large runed translucent door.
 13149 | Gauntlet | Found a large runed translucent door.
 13149 | Gauntlet | Found a large runed translucent door.
 13149 | Gauntlet | Found a large runed translucent door.
 13152 | Gauntlet | Found a runed translucent door.
 13153 | Gauntlet | Found a transporter.
 13162 | Gauntlet | Killed a five-headed hydra
 13222 | Gauntlet | Identified the ring "Lonuj" {rElec rPois Int+4 Dex+6
                  | Stlth+}
 13231 | Gauntlet | Noticed a minotaur
 13237 | Gauntlet | Found the +6 lightning scales {swift, rElec}
 13246 | Gauntlet | HP: 4/97 [minotaur/+5 trident of flaming (8)]
 13518 | Gauntlet | Killed a minotaur
 13743 | Gauntlet | Got the Precepts of Transposition
 13745 | Gauntlet | Identified the +1 leather armour "Ixzomaor" {rC+ rCorr
                  | Dex+4}
 13754 | Gauntlet | Identified the +8 dagger of Imminent Death {elec, rPois rF+
                  | Dex+3}
 13755 | Gauntlet | Got the Compilation of Fascination
 14042 | Lair:2   | Found a staircase to the Snake Pit.
 14127 | Lair:2   | Acquired a manual of Fighting
 14273 | Lair:2   | Found a staircase to the Swamp.
 14347 | Lair:2   | Reached XP level 13. HP: 70/107 MP: 11/18
 14353 | Lair:2   | Reached skill level 1 in Shields
 14918 | Lair:2   | Reached skill level 10 in Fighting
 15165 | Lair:2   | Learned a level 2 spell: Passwall
 15342 | Lair:3   | Reached skill level 1 in Dodging
 15430 | Lair:3   | Reached skill level 1 in Earth Magic
 15511 | Lair:3   | Reached skill level 1 in Armour
 17226 | Lair:4   | Reached ****** piety under Cheibriados
 17229 | Lair:4   | Reached skill level 5 in Shields
 17313 | Lair:4   | Reached XP level 14. HP: 59/126 MP: 11/19
 17982 | Lair:4   | Found a viscous altar of Jiyva.
 17982 | Lair:4   | Found a staircase to the Slime Pits.
 18107 | Lair:5   | Entered Level 5 of the Lair of Beasts
 18713 | Lair:5   | Reached skill level 5 in Dodging
 18761 | Lair:5   | Reached skill level 5 in Armour
 18875 | Lair:5   | Reached skill level 1 in Evocations
 19407 | Lair:5   | Noticed bobfrom10's ghost (journeyman OpTm)
 19527 | Lair:5   | Learned a level 2 spell: Blink
 19567 | Lair:5   | Found a runed translucent gate.
 19567 | Lair:5   | Found a runed translucent gate.
 19567 | Lair:5   | Found a runed translucent gate.
 19854 | Lair:5   | Reached skill level 1 in Translocations
 20814 | D:11     | Noticed Sonja
 20820 | D:11     | Killed Sonja
 21500 | D:12     | Noticed Kirke
 21518 | D:12     | Killed Kirke
 21784 | D:12     | Reached XP level 15. HP: 139/139 MP: 14/20
 22004 | D:12     | Identified the +8 plate armour "Teuteb" {Int+2 SInv}
 22319 | D:12     | Annihilated by a titanic slime creature

Illustrated notes

Levels and vault maps discovered:
D:1:      noname_arrival_rooms_in_the_neighbourhood, layout_basic,
          shapermc_ecumenical_altar_mp_urbaneastern, serial_shops,
          nicolae_shop_competitors_out_of_business
D:2:      layout_rooms, basic_altar, uniq_crazy_yiuf_cottage
D:3:      minmay_skewed_foursquare, layout_basic, mainiacjoe_overflow_paths
D:4:      layout_gridville, nicolae_overflow_crystal_walls,
          minmay_temple_entry_wispy
D:5:      layout_basic, portal_sewer_entry_d
D:6:      layout_basic, gup_ossuary_entry_pyramid, minmay_curled_crystal,
          minmay_alternating_orb, uniq_edmund
D:7:      layout_basic, slow_altar_1, uniq_maggie
D:8:      layout_basic, grunt_temple_overflow_open, hangedman_decor_opposing,
          grunt_potential, uniq_erica
D:9:      cheibrodos_wizards_tower, layout_basic, amcnicky_altar_gilded
D:10:     layout_roguey, minmay_lair_entry_grove, orc_0_dummy, uniq_fannar,
          uniq_amaemon
D:11:     layout_basic, special_room [special_room_orc], serial_park_tiny_pond,
          uniq_sonja
D:12:     kennysheep_room_grid, layout_loops_corners,
          ploomutoo_gammafunk_ghost_potion_laboratory, uniq_kirke
Temple:   grunt_temple_mini_profane
Lair:1:   layout_small_grid, serial_rivers, chequers_serial_rivers_marsh,
          chequers_serial_rivers_micro_b, chequers_serial_rivers_small_3,
          chequers_serial_rivers_micro_a, chequers_serial_rivers_micro_e
Lair:2:   layout_cave_pods, swamp_mist, minmay_snake_entry_six_corridors,
          portal_ice_cave_entry_imps, enter_volcano_3, gauntlet_entry_generic
Lair:3:   layout_layer_cave, nicolae_quartered_pool_little
Lair:4:   layout_loops_ring, slime_entry_1, beast_lair_carwin_8,
          serial_bayou_shore_a
Lair:5:   hangedman_lair_caniforms_friends, layout_cave_pods,
          maelrawn_ghost_gauntlet_escape

Skill      XL: |  1  2  3  4  5  6  7  8  9 10 11 12 13 14 15 |
---------------+----------------------------------------------+-----
Unarmed Combat | 1 2 3 5 6 7 9 12 14 17 19 20 | 20.0
Invocations    | 8 |  8.0
Fighting       | 8 12 14 | 14.6
Shields        | 5 6 |  6.0
Dodging        | 3 6 |  6.4
Earth Magic    | 4 |  4.0
Armour         | 3 6 |  6.4
Evocations     | 3 |  3.9
Translocations | 2 3 |  3.0
Short Blades   | |  1.7
Throwing       | |  1.7
Stealth        | |  4.3

Action                   |  1- 3 |  4- 6 |  7- 9 | 10-12 | 13-15 || total
-------------------------+-------+-------+-------+-------+-------++-------
Melee: Dagger            |    20 |       |       |       |       ||    20
       Unarmed           |   117 |   212 |   435 |   541 |   662 ||  1967
       Punch             |     3 |    10 |    21 |    67 |       ||   101
Invok: Step From Time    |       |       |       |     1 |       ||     1
       Slouch            |       |       |       |       |     7 ||     7
Evoke: Wand              |       |       |       |     9 |    11 ||    20
       Tin of tremorston |       |       |       |       |     1 ||     1
  Use: Scroll            |     3 |     7 |    16 |    11 |     7 ||    44
       Potion            |       |       |       |     8 |       ||     8
 Stab: Sleeping          |     5 |     2 |     5 |     7 |    12 ||    31
       Distracted        |       |       |     2 |       |     6 ||     8
       Invisible         |       |       |       |     3 |       ||     3
Armor: Robe              |     2 |       |       |       |       ||     2
       Ring mail         |    49 |    85 |   131 |       |       ||   265
       Acid dragon scale |       |       |     5 |   146 |   186 ||   337
       Skin              |       |       |     1 |       |       ||     1
       Plate armour      |       |       |       |       |    14 ||    14
Dodge: Dodged            |    51 |    98 |   180 |   201 |   279 ||   809
Block: Other             |       |       |    27 |    85 |       ||   112
       Reflection        |       |       |     1 |     4 |     5 ||    10
       Buckler           |       |       |       |     6 |   402 ||   408

Table legend: (Time is in decaauts)
 A = Elapsed time spent in this place.
 B = Non-inter-level travel time spent in this place.
 C = Inter-level travel time spent in this place.
 D = Time resting spent in this place.
 E = Time spent auto-exploring this place.
 F = Levels seen in this place.
 G = Mean time per level.
                   A        B        C        D        E       F      G
               +--------+--------+--------+--------+--------+-----+--------+
         Total |  28274 |  27221 |   1053 |   4757 |  17430 |  21 | 1346.4 |
       Dungeon |  14971 |  14261 |    710 |   2854 |   8656 |  12 | 1247.6 |
        Temple |    210 |    187 |     23 |      0 |    182 |   1 |  210.0 |
          Lair |  11447 |  11127 |    320 |   1258 |   8117 |   5 | 2289.4 |
         Sewer |    453 |    453 |      0 |      0 |    254 |   1 |  453.0 |
       Ossuary |    314 |    314 |      0 |     79 |    121 |   1 |  314.0 |
      Gauntlet |    877 |    877 |      0 |    565 |    100 |   1 |  877.0 |
               +--------+--------+--------+--------+--------+-----+--------+

Top non-repeatable levels by time:
  Lair:5: 2997 daAuts
  Lair:3: 2485 daAuts
  Lair:2: 2338 daAuts
     D:8: 2100 daAuts
    D:10: 1907 daAuts
  Lair:4: 1857 daAuts
  Lair:1: 1769 daAuts
    D:11: 1657 daAuts
    D:12: 1424 daAuts
     D:4: 1336 daAuts
     D:6: 1310 daAuts
     D:7: 1070 daAuts
     D:9: 1061 daAuts
     D:5: 885 daAuts
Gauntlet: 877 daAuts
